AoeStats
← 鄙人張麻子

Arabia

505818312Analyzed
1v1 RM · 22d ago on Sep 11, 2026· 29m 21s· 2 players
Game mode
Random Map
Map size
Tiny (2 player)
Population
200
Speed
Normal
Resources
Standard
Victory
Conquest
Starting age
Dark Age
Ending age
Imperial Age
RankedLock teamsTeams togetherTeam positionsShared explorationLock speedFull tech treeHidden civsTurbo modeCheats
Victory
Defeat
🇹🇼 Magyars · Taiwan
1183
+19
🇵🇰 Britons · Pakistan
1239
-19
鄙人張麻子
8:54 Feudal Age
9:26 Double-Bit Axe
9:37 Double-Bit Axe
9:46 Loom
16:20 Wheelbarrow
17:34 Fletching
18:19 Horse Collar
20:49 Castle Age
19:50 Gold Mining
21:50 Husbandry
21:57 Scale Barding Armor
21:18 Crossbowman
21:56 Bodkin Arrow
24:44 Bloodlines
25:56 Elite Skirmisher
28:07 Padded Archer Armor
coys
5:46 Loom
8:41 Feudal Age
9:32 Double-Bit Axe
13:21 Fletching
22:53 Castle Age
20:50 Horse Collar
21:43 Gold Mining
22:57 Crossbowman
24:02 Bodkin Arrow
25:15 Bow Saw
Connection lost

Rejoining the realm…

Still unreachable

The connection could not be restored.

Session expired

The server has moved on; the page needs a fresh start.